 Dungeon Crawl Stone Soup version 0.20.1-1-g8b1a95d (webtiles) character file.

326 homeworkjunkie the Chopper (level 6, -5/53 HPs)
             Began as a Hill Orc Fighter on Dec 13, 2017.
             Slain by a gnoll sergeant
             ... wielding a +0 spear
              (8 damage)
             ... on level 3 of the Dungeon.
             The game lasted 00:06:00 (2564 turns).

homeworkjunkie the Chopper (Hill Orc Fighter)       Turns: 2564, Time: 00:06:01

Health: -5/53      AC: 11    Str: 21    XL:     6   Next: 49%
Magic:  6/6        EV:  8    Int:  6    God:
Gold:   119        SH:  0    Dex: 10    Spells: 5/5 levels left

rFire    + . .     SeeInvis .   a - +0 war axe
rCold    x . .     Gourm    .   c - +0 shield
rNeg     . . .     Faith    .   b - +2 scale mail
rPois    .         Spirit   .   (no helmet)
rElec    .         Reflect  .   (no cloak)
rCorr    .         Harm     .   (no gloves)
MR       +....                  (no boots)
Stlth    ..........             (no amulet)
Regen    0.2/turn               h - ring of protection from magic
MPRegen  0.1/turn               i - ring of fire

@: confused, lethally poisoned (-5 -> -44)
A: iridescent scales 1, camouflage 1, dopey 1
a: no special abilities


You were on level 3 of the Dungeon.
You were not hungry.

You visited 1 branch of the dungeon, and saw 3 of its levels.

You collected 119 gold pieces.

Inventory:

Hand Weapons
 a - a +0 war axe (weapon)
Armour
 b - a +2 scale mail (worn)
 c - a +0 shield (worn)
Jewellery
 h - a ring of protection from magic (left hand)
 i - a ring of fire (right hand)
Scrolls
 d - 4 scrolls of identify
Comestibles
 f - 2 bread rations


   Skills:
 * Level 4.6 Fighting
 * Level 5.6 Axes
 * Level 4.4 Armour
 + Level 0.7 Dodging
 * Level 4.8 Shields


You had 5 spell levels left.
You didn't know any spells.

Dungeon Overview and Level Annotations

Branches:
Dungeon (3/15)

Altars:


Innate Abilities, Weirdness & Mutations

You are partially covered in iridescent scales. (AC +2)
Your skin changes colour to match your surroundings (Stealth+).
You are dopey. (Int -2)


Message History

* * * LOW HITPOINT WARNING * * *
You feel very sick.
The gnoll hits you from afar with a spear.
* * * LOW HITPOINT WARNING * * *
The gnoll sergeant hits you but does no damage.
The bat barely misses you. The gnoll barely misses you.
* * * LOW HITPOINT WARNING * * *
You feel very sick. The bat hits you but does no damage.
The gnoll hits you with a spear!
* * * LOW HITPOINT WARNING * * *
The gnoll sergeant completely misses you.
The gnoll completely misses you.
There is a stone staircase leading down, spattered with blood here.
You barely miss the gnoll. You closely miss the gnoll.
You closely miss the gnoll sergeant.
* * * LOW HITPOINT WARNING * * *
You feel very sick. The gnoll hits you but does no damage.
The gnoll sergeant hits you with a spear!
You die...

#........##..........
#........##........##
#........##.....[..#
#........#####.#####.
#........†)..........
#........#####.#####.
#........# ..# #.
#....g...##..### #.
#...@gb.)...# #..
#####g##†#### ...#
#K...K. ## .........
............
....%.........
.%.............
...............
..............


You could see a gnoll sergeant, 2 gnolls, a bat and a kobold.

Vanquished Creatures
  The ghost of Vodalian the Skirmisher, an amateur GrBe of Trog (D:3)
  An orc wizard (D:3)
  3 gnolls
  6 adders
  A shadow imp (D:3)
  2 oozes
  A worm (D:2)
  4 dart slugs
  2 leopard geckos (D:1)
  4 orcs (D:3)
  A ball python (D:3)
  10 goblins
  10 hobgoblins
  7 jackals
  A quokka (D:2)
  5 bats
  8 frilled lizards
  4 kobolds
  6 rats
77 creatures vanquished.

Notes
Turn   | Place    | Note
-------+----------+-------------------------------------------
     0 | D:1      | homeworkjunkie the Hill Orc Fighter began the quest for the Orb.
     0 | D:1      | Reached XP level 1. HP: 19/19 MP: 1/1
   159 | D:2      | Reached XP level 2. HP: 17/27 MP: 2/2
   200 | D:2      | Reached XP level 3. HP: 25/33 MP: 3/3
   383 | D:3      | Reached skill level 3 in Axes
   647 | D:2      | Reached XP level 4. HP: 20/40 MP: 4/4
  1375 | D:3      | Noticed a gnoll sergeant
  2133 | D:1      | Gained mutation: You are dopey. (Int -2) [potion of mutation]
  2133 | D:1      | Gained mutation: Your skin changes colour to match your surroundings (Stealth+). [potion of mutation]
  2133 | D:1      | Gained mutation: You are partially covered in iridescent scales. (AC +2) [potion of mutation]
  2238 | D:2      | Reached XP level 5. HP: 46/46 MP: 5/5
  2289 | D:2      | Reached skill level 4 in Axes
  2353 | D:3      | Noticed Vodalian's ghost (amateur GrBe)
  2442 | D:3      | Killed Vodalian's ghost
  2442 | D:3      | Reached skill level 5 in Axes
  2442 | D:3      | Reached XP level 6. HP: 33/53 MP: 6/6
  2563 | D:3      | HP: 2/53 [gnoll/spear (8)]
  2564 | D:3      | Slain by a gnoll sergeant

Skill      XL: |  1  2  3  4  5 |
---------------+----------------+-----
Fighting       | 4 |  4.6
Axes           | 3 5 |  5.6
Armour         | 4 |  4.4
Shields        | 4 |  4.8
Dodging        | |  0.7

Action                   |  1- 3 |  4- 6 || total
-------------------------+-------+-------++-------
Melee: War axe           |    71 |    72 ||   143
       Hand axe          |    23 |   147 ||   170
  Use: Scroll            |     5 |     3 ||     8
       Potion            |       |     7 ||     7
  Eat: Fruit             |     2 |       ||     2
       Royal jelly       |       |     2 ||     2
Armor: Scale mail        |    55 |   147 ||   202
Dodge: Dodged            |    37 |    76 ||   113
Block: Shield            |    51 |   133 ||   184
